Map: Echo LE

Players

Inflicted

  • Race: Terran Terran
  • Spawn Location: 11:00

iNcontroLRC (INcontroL) - Winner!

  • Race: Protoss Protoss
  • Spawn Location: 5:00

Event: LycanGTV LotV Beta Tournament 1

VOD

Have the link to the VOD?

Description

Time

  • Played on: April 2, 2015, 12:50 p.m.
  • Length: 15:09

All games in this series

Show
View Real Time Build Order
Export as new Build Order

Inflicted Terran 

Build Orders: Cyclone Opening, Mech, Siege Tank Drop 

Get SALT Encoding   

  12  0:01  SCV  
  13  0:13  SCV  
  14  0:19  Supply Depot  
  14  0:25  SCV  
  15  0:41  SCV, Barracks  
  16  0:49  Refinery  
  16  0:51  Refinery  
  16  0:53  SCV  
  17  1:05  SCV  
  18  1:17  SCV  
  19  1:28  Reaper  
  19  1:29  Supply Depot, Orbital Command  
  20  1:43  Factory  
  20  1:55  SCV  
  21  2:01  Barracks Tech Lab  
  21  2:07  SCV  
  22  2:19  Command Center  
  22  2:22  SCV  
  23  2:33  Cyclone  
  26  2:40  SCV  
  27  2:46  Starport  
  27  2:52  Supply Depot, SCV  
  28  3:05  Cyclone  
  31  3:13  SCV  
  32  3:20  Supply Depot  
  32  3:23  Medivac  
  32  3:25  SCV  
  35  3:30  Missile Turret  
  35  3:34  Orbital Command  
  35  3:36  Missile Turret  
  35  3:47  Siege Tank  
  38  3:49  SCV  
  39  4:01  SCV x2, Refinery  
  41  4:05  Missile Turret  
  41  4:08  Viking  
  43  4:13  SCV x2  
  45  4:20  Siege Tank  
  48  4:25  SCV x2  
  50  4:35  Supply Depot, Refinery  
  50  4:37  SCV x2  
  52  4:39  Viking  
  54  4:49  SCV x2  
  56  4:54  Barracks Reactor  
  56  4:55  Factory  
  56  4:57  Supply Depot  
  56  5:01  SCV x2  
  58  5:13  SCV x2, Siege Tank  
  63  5:17  Armory  
  63  5:19  Supply Depot  
  63  5:20  Supply Depot  
  63  5:25  SCV x2  
  65  5:37  SCV  
  65  5:38  SCV  
  65  5:41  Factory, Medivac  
  69  5:45  Hellion x2  
  69  5:47  Supply Depot, Siege Tank  
  76  5:50  SCV, Supply Depot  
  76  5:52  SCV  
  78  6:02  SCV  
  79  6:04  SCV  
  79  6:10  Terran Vehicle and Ship Weapons Level 1  
  80  6:12  Supply Depot  
  80  6:14  SCV  
  80  6:16  SCV  
  82  6:25  Command Center  
  82  6:26  SCV  
  82  6:28  SCV  
  82  6:38  SCV  
  83  6:40  SCV  
  83  6:41  Supply Depot x2, Hellion x2, Siege Tank  
  83  6:42  Factory Tech Lab  
  91  6:51  SCV  
  92  6:56  SCV  
  92  6:58  Supply Depot, Starport Reactor  
  92  7:00  Hellion, Missile Turret  
  93  7:02  Supply Depot  
  93  7:03  Siege Tank  
  93  7:04  Hellion  
  93  7:05  Hellion  
  100  7:13  Siege Tank  
  100  7:14  SCV x2  
  105  7:26  SCV  
  108  7:30  Hellion x2  
  108  7:31  SCV, Factory  
  108  7:33  Factory  
  108  7:35  Siege Tank  
  114  7:38  SCV  
  114  7:42  Missile Turret  
  115  7:45  Siege Tank  
  115  7:46  Medivac x2  
  115  7:50  SCV x2  
  124  8:02  Refinery  
  124  8:08  Infernal Pre-Igniter  
  124  8:09  Terran Vehicle and Ship Weapons Level 2  
  124  8:10  Hellion  
  124  8:11  Hellion x2  
  130  8:19  Factory Tech Lab  
  130  8:20  Factory Reactor  
  130  8:21  Orbital Command  
  130  8:23  Refinery  
  130  8:30  Viking, Siege Tank  
  135  8:35  Hellion  
  135  8:36  Hellion  
  135  8:39  Missile Turret  
  137  8:50  SCV x2  
  137  8:54  Siege Tank x2  
  143  8:56  Hellion x2  
  143  8:58  Hellion x2  
  143  9:02  Hellion  
  153  9:03  Supply Depot  
  153  9:04  Supply Depot  
  153  9:05  Supply Depot  
  153  9:11  SCV  
  153  9:12  SCV x2  
  156  9:18  Hellion, Viking x2  
  158  9:48  Siege Tank x3  
  158  9:49  Hellion x4  
  131  10:10  Hellion x4  
  11  13:51  Starport Tech Lab  
Show
View Real Time Build Order
Export as new Build Order

iNcontroLRC Protoss - Winner!

Build Orders: Oracle Opening, Oracle Opening, Zealot Templar 

Get SALT Encoding   

  12  0:00  Probe  
  13  0:13  Pylon  
  13  0:17  Probe  
  14  0:31  Probe (Chrono Boost)  
  15  0:35  Gateway  
  15  0:41  Probe (Chrono Boost)  
  16  0:44  Assimilator  
  16  0:49  Assimilator  
  16  0:52  Probe (Chrono Boost)  
  17  1:04  Probe (Chrono Boost)  
  17  1:09  Pylon  
  18  1:13  Probe (Chrono Boost)  
  19  1:21  Probe  
  19  1:22  Cybernetics Core  
  20  1:33  Probe (Chrono Boost)  
  21  1:45  Probe (Chrono Boost)  
  22  1:52  Probe (Chrono Boost)  
  23  2:00  Stargate  
  23  2:03  Mothership Core  
  23  2:06  Warp Gate (Chrono Boost)  
  25  2:09  Pylon  
  25  2:11  Zealot  
  27  2:24  Probe  
  28  2:36  Probe  
  29  2:45  Oracle (Chrono Boost)  
  29  2:51  Probe  
  33  2:55  Pylon  
  33  3:02  Nexus  
  33  3:15  Robotics Facility  
  33  3:24  Probe  
  34  3:29  Gateway  
  34  3:34  Gateway  
  34  3:37  Probe (Chrono Boost)  
  35  3:47  Probe (Chrono Boost)  
  33  3:54  Probe  
  34  4:02  Immortal (Chrono Boost)  
  38  4:07  Sentry  
  40  4:11  Pylon  
  40  4:14  Probe  
  41  4:24  Stalker  
  41  4:26  Probe x2  
  45  4:31  Forge  
  45  4:35  Observer (Chrono Boost)  
  45  4:36  Sentry  
  48  4:41  Probe x2  
  50  4:53  Probe x2  
  50  4:54  Pylon  
  52  5:05  Probe x2  
  53  5:07  Assimilator  
  53  5:09  Phoenix (Chrono Boost), Assimilator  
  53  5:12  Protoss Ground Weapons Level 1 (Chrono Boost)  
  55  5:14  Observer  
  55  5:17  Probe (Chrono Boost)  
  55  5:19  Probe (Chrono Boost)  
  58  5:22  Pylon  
  60  5:28  Probe (Chrono Boost)  
  60  5:29  Probe (Chrono Boost)  
  60  5:32  Pylon  
  62  5:36  Probe x2 (Chrono Boost)  
  62  5:39  Twilight Council  
  62  5:46  Probe x2  
  62  5:48  Immortal  
  68  5:58  Probe x2  
  69  6:10  Probe  
  69  6:11  Probe, Charge (Chrono Boost)  
  71  6:17  Gateway  
  71  6:18  Gateway  
  71  6:20  Gateway  
  71  6:22  Probe  
  71  6:23  Probe  
  71  6:24  Templar Archives  
  73  6:35  Probe x2  
  73  6:38  Immortal (Chrono Boost)  
  79  6:47  Probe  
  80  6:54  Zealot x3  
  80  6:59  Pylon, Protoss Ground Weapons Level 2 (Chrono Boost)  
  80  7:01  Pylon  
  86  7:04  Pylon  
  86  7:09  Probe  
  87  7:18  Nexus  
  87  7:21  Psionic Storm  
  87  7:22  Probe x2, Pylon  
  89  7:27  Pylon  
  89  7:34  Probe  
  89  7:35  Probe  
  91  7:39  Pylon  
  91  7:43  Stalker x2  
  95  7:46  Probe  
  95  7:47  Probe  
  95  7:48  Pylon  
  97  7:51  Blink  
  97  7:58  Probe (Chrono Boost)  
  97  8:03  Probe (Chrono Boost)  
  98  8:09  Photon Cannon  
  98  8:10  Probe (Chrono Boost)  
  98  8:11  Photon Cannon  
  98  8:12  High Templar x3  
  106  8:14  Probe (Chrono Boost)  
  106  8:16  High Templar  
  106  8:18  Probe  
  109  8:20  Zealot  
  109  8:23  Probe  
  109  8:25  Immortal (Chrono Boost)  
  116  8:30  Probe  
  117  8:35  Probe, Assimilator  
  117  8:37  Assimilator  
  117  8:38  Stalker  
  117  8:40  Pylon  
  120  8:42  Probe  
  119  8:53  Zealot  
  119  8:54  Zealot x4  
  133  8:57  Immortal (Chrono Boost)  
  133  9:01  Zealot  
  135  9:03  Probe x2  
  135  9:05  Pylon  
  137  9:10  Protoss Air Weapons Level 1  
  137  9:14  Zealot, Stargate  
  137  9:15  Pylon, Zealot x3  
  145  9:27  Pylon  
  143  9:41  Zealot x4  
  143  9:42  Zealot x2  
  141  10:18  Stalker x3  
  141  10:19  Stalker x3  
  147  10:22  Nexus  
  147  10:25  Pylon x2  
  100  11:05  Stalker  
  100  11:06  Stalker x4  
  106  11:13  Pylon  
  105  11:25  Twilight Council  
  75  11:56  Gateway  
  65  13:06  Nexus  
  45  14:31  Pylon  
  45  14:48  Pylon  
  45  14:49  Pylon  
  45  14:52  Pylon  

Tags
 
Add a new tag
Caveats
  • Supply blocks, unpowered buildings, or Contaminate may cause inaccurate times.
  • Supply counts are checked every 10 seconds.